 Dungeon Crawl Stone Soup version 0.30-a0-1018-g25214051b3 (webtiles) character file.

Game seed: 10435968236174713640

24589 Kauriferous the Severer (level 12, -2/168 HPs)
             Began as a Minotaur Fighter on Apr 7, 2023.
             Was a High Priest of Okawaru.
             Shot with an arrow by Nessos (8 damage)
             ... on level 3 of the Lair of Beasts.
             The game lasted 02:24:59 (17715 turns).

Kauriferous the Severer (Minotaur Fighter)         Turns: 17715, Time: 02:24:59

Health: -2/168     AC: 30    Str: 26      XL:     12   Next: 82%
Magic:  0/14       EV:  2    Int:  1 (5)  God:    Okawaru [*****.]
Gold:   842        SH:  8    Dex: 10      Spells: 11/11 levels left

rFire   . . .      SeeInvis .    a - +0 war axe (flame)
rCold   . . .      Faith    .    c - +0 buckler
rNeg    + . .      Spirit   +    n - melded +3 plate armour
rPois   +          Reflect  .    (helmet currently unavailable)
rElec   .          Rampage  .    (cloak currently unavailable)
rCorr   .          NoTele   +    g - melded +0 pair of gloves
Will    .....                    t - melded +2 pair of boots of the Thistle {Fly}
Stlth   +++                      D - amulet of guardian spirit
HPRegen 0.48/turn                r - ring of positive energy
MPRegen 0.14/turn                i - +4 ring of protection

@: lethally poisoned (-2 -> -8), tree-form, heroic, slowed, lost intelligence,
unable to read, very slow
A: stationary, stasis, torment immunity, boosted hp, (horns 2), (retaliatory
headbutt)
a: Renounce Religion, Heroism, Finesse, Duel


You were on level 3 of the Lair of Beasts.
You worshipped Okawaru.
Okawaru was extremely pleased with you.
You were a tree.
You visited 3 branches of the dungeon, and saw 15 of its levels.

You collected 1089 gold pieces.
You spent 247 gold pieces at shops.

Inventory:

Hand Weapons
 a - a +0 war axe of flaming (weapon)
 j - a +0 war axe of electrocution
 w - a +1 vampiric dagger
Missiles
 f - 4 poisoned darts
 B - 3 curare-tipped darts (quivered)
 Y - 5 silver javelins
Armour
 c - a +0 buckler (worn)
 g - a +0 pair of gloves (melded)
 n - a +3 plate armour (melded)
 t - the +2 pair of boots of the Thistle (melded) {Fly}
   (You found it on level 11 of the Dungeon)

   Fly:       It grants you flight.
 G - the scarf of the Sun {+Inv, Harm rN+ Str+2}
   (Okawaru gifted it to you on level 1 of the Lair of Beasts)

   Str:       It affects your strength (+2).
   rN:        It protects you from negative energy.
   Harm:      It increases damage dealt and taken.
 P - a scarf of resistance
 R - the +0 crystal plate armour of Hioffaan {rF+ Regen+ Dex+3}
   (Okawaru gifted it to you on level 2 of the Lair of Beasts)

   Dex:       It affects your dexterity (+3).
   rF:        It protects you from fire.
   Regen:     It increases your rate of health regeneration.
 W - an orb of light
Jewellery
 i - a +4 ring of protection (right branch)
 m - an amulet of the acrobat
 r - a ring of positive energy (left branch)
 y - the ring "Rumuasm" {rPois rF+ rN+ Will+ Slay-2}
   (You found it on level 2 of the Lair of Beasts)

   [ring of poison resistance]

   Slay:      It affects your accuracy & damage with ranged weapons and melee
   (-2).
   rF:        It protects you from fire.
   rPois:     It protects you from poison.
   rN:        It protects you from negative energy.
   Will:      It increases your willpower.
 D - an amulet of guardian spirit (around neck)
 F - an amulet of guardian spirit
 M - a +4 ring of protection
 S - an amulet of regeneration
Wands
 I - a wand of mindburst (26)
 X - a wand of polymorph (7)
Scrolls
 b - 2 scrolls of noise
 k - a scroll of fog
 o - 2 scrolls of poison
 p - 2 scrolls of immolation
 q - 2 scrolls of enchant armour
 v - 2 scrolls of identify
 A - 2 scrolls of silence
 J - 2 scrolls of brand weapon
 K - 9 scrolls of teleportation
 N - a scroll of blinking
 O - a scroll of magic mapping {unknown}
 Q - a scroll of fear
 Z - a scroll of vulnerability
Potions
 d - 3 potions of might
 e - 4 potions of lignification
 h - a potion of magic
 l - a potion of haste
 s - 2 potions of resistance
 u - 8 potions of curing
 z - 3 potions of brilliance
 C - 2 potions of ambrosia
 E - a potion of berserk rage
 H - 2 potions of mutation
 V - a potion of attraction {unknown}
Miscellaneous
 x - a tin of tremorstones (2/2)
 T - a condenser vane


   Skills:
 + Level 11.9(16.9) Fighting
 * Level 15.7(20.7) Axes
 + Level 4.1(9.1) Throwing
 + Level 12.0(17.0) Armour
 + Level 11.8(16.8) Shields
 + Level 4.3 Invocations


You had 11 spell levels left.
You didn't know any spells.
Your spell library contained the following spells:

 Spells                   Type           Power      Damage    Failure   Level
 Apportation              Tloc           0%         N/A       61%         1
 Beastly Appendage        Tmut           0%         N/A       61%         1
 Magic Dart               Conj           0%         1d3       61%         1
 Necrotise                Necr           0%         1d4       61%         1
 Cigotuvi's Dreadful Rot  Necr/Pois/Air  0%         N/A       75%         2
 Lesser Beckoning         Tloc           0%         N/A       75%         2
 Poisonous Vapours        Pois/Air       0%         N/A       75%         2
 Searing Ray              Conj           0%         2d4       75%         2
 Wereblood                Tmut           0%         N/A       75%         2
 Gell's Gravitas          Tloc           0%         N/A       93%         3
 Ignite Poison            Fire/Tmut/Pois 0%         N/A       93%         3
 Mephitic Cloud           Conj/Pois/Air  0%         N/A       93%         3
 Spider Form              Tmut/Pois      0%         N/A       93%         3
 Teleport Other           Tloc           0%         N/A       93%         3
 Anguish                  Hex/Necr       0%         N/A       100%        4
 Fulminant Prism          Conj/Hex       0%         3d5       100%        4
 Passage of Golubria      Tloc           0%         N/A       100%        4
 Blade Hands              Tmut           0%         N/A       100%        5
 Freezing Cloud           Conj/Ice/Air   0%         6-21      100%        5
 Irradiate                Conj/Tmut      0%         3d11      100%        5
 Silence                  Hex/Air        0%         N/A       100%        5
 Dispersal                Tloc           0%         N/A       100%        6
 Dragon Form              Tmut           0%         N/A       100%        7
 Enfeeble                 Hex            0%         N/A       100%        7
 Lehudib's Crystal Spear  Conj/Erth      0%         10d2      100%        8
 Summon Small Mammal      Summ           Unusable   N/A       N/A         1

Dungeon Overview and Level Annotations

Branches:
Dungeon (11/15)            Temple (1/1) D:7            Lair (3/5) D:11
 Shoals (0/4) Lair:3       Spider (0/4) Lair:2          Orc (0/2) D:11

Altars:
Ashenzari
Cheibriados
Dithmenos
Elyvilon
Fedhas
Gozag
Hepliaklqana
Kikubaaqudgha
Makhleb
Nemelex Xobeh
Okawaru
Qazlal
Ru
Sif Muna
Trog
Uskayaw
Vehumet
Wu Jian
Xom
Yredelemnul
Zin
The Shining One

Shops:
D:3 !

Annotations:
Lair:1 exclusion: orange crystal statue
Lair:3 Nessos


Innate Abilities, Weirdness & Mutations

You are a tree.
Your roots penetrate the ground, keeping you stationary.
You cannot be teleported.
You are immune to unholy pain and torment.
Your maximum health is greatly increased.
Your equipment is partially melded.
((You have a pair of horns on your head.))
((You reflexively headbutt those who attack you in melee.))


Message History

You block Nessos's attack. Nessos completely misses you.
Nessos kicks you but does no damage.
You continue taking off your scarf of resistance.
You feel very sick.
Nessos casts a spell.
Nessos blinks!
Nessos casts a spell.
Nessos blinks!
Nessos mumbles some strange words.
Nessos blinks!
You continue taking off your scarf of resistance.
You feel sick.
Nessos wields a +1 longbow of flaming.
It bursts into flame!
Nessos shoots an arrow.
The arrow hits you!
* * * LOW HITPOINT WARNING * * *
Nessos shoots an arrow.
The arrow hits you!
* * * LOW HITPOINT WARNING * * *
The arrow burns you.
You are lethally poisoned!
* * * LOW HITPOINT WARNING * * *
Nessos shoots an arrow.
The arrow hits you.
* * * LOW HITPOINT WARNING * * *
You continue taking off your scarf of resistance.
* * * LOW HITPOINT WARNING * * *
You feel very sick.
Nessos shoots an arrow.
The arrow hits you but does no damage.
Nessos shoots an arrow.
You block the arrow.
You finish taking off your scarf of resistance.
You feel hot and cold all over.
You turn into a tree.
Your +0 pair of gloves melds into your body.
The +2 pair of boots of the Thistle {Fly} melds into your body.
Your +3 plate armour melds into your body.
You float gracefully downwards.
Your roots penetrate the ground.
* * * LOW HITPOINT WARNING * * *
You feel very sick.
Nessos gestures wildly while chanting.
Nessos blinks!
Nessos stands on their hind legs for a moment.
Nessos shoots an arrow.
The arrow hits you!
You die...

#...# #####
###..# #..###
#.## #####.##.##
#..
#.........####
#..
...#####.......#
#.##
###.....§..# ..#
#.........##
##........#
##..♣....# ##.
#....##.## ..#
#..###### ##.§
##c.# ## #...
#...# #..#...
##.## ......##
##.## #.#...##
#...#
#......#####.##


You could see Nessos (fast).

Vanquished Creatures
  3 two-headed ogres
  A wizard (D:8)
  Pikel (D:8)
  2 cyclopes (D:11)
  7 black mambas
  A torpor snail (Lair:1)
  5 cane toads
  Psyche (D:8)
  2 unseen horrors (D:11)
  6 komodo dragons
  A rime drake (Lair:2)
  2 trolls
  17 blink frogs
  Prince Ribbit (D:8)
  4 dream sheep
  A shadow (D:9)
  8 yaks
  6 wyverns
  2 humans (D:7)
  3 basilisks
  5 steam dragons
  A redback (Lair:2)
  4 wargs (D:11)
  An acid dragon (D:9)
  9 water moccasins
  Duvessa (D:6)
  5 orc warriors
  3 ice beasts
  A black bear (D:3)
  3 wolves (Lair:1)
  3 ogres
  4 centaurs
  3 lemures (D:8)
  A phantom (D:3)
  13 bullfrogs
  A kobold brigand (D:9)
  3 scorpions
  11 wights
  Dowan (D:6)
  4 killer bees (D:8)
  3 howler monkeys (D:10)
  2 lava snakes (Lair:1)
  An electric eel (D:11)
  6 orc priests
  3 hounds (D:5)
  2 jellies (D:6)
  3 sleepcaps
  3 iguanas
  10 orc wizards
  3 adders (D:5)
  18 gnolls
  A white imp (D:5)
  3 ufetubi
  A worm (D:2)
  2 dart slugs
  33 orcs
  7 endoplasms
  4 giant cockroaches
  9 hobgoblins
  8 jackals
  A quokka (D:4)
  5 ball pythons
  5 bats
  3 frilled lizards
  7 goblins
  53 kobolds
  5 rats
352 creatures vanquished.

Vanquished Creatures (others)
  17 fungi
  20 plants
37 creatures vanquished.

Grand Total: 389 creatures vanquished

Notes
Turn   | Place    | Note
-------+----------+-------------------------------------------
     0 | D:1      | Kauriferous the Minotaur Fighter began the quest for the
                  | Orb.
     0 | D:1      | Reached XP level 1. HP: 19/19 MP: 0/0
   103 | D:1      | Reached XP level 2. HP: 20/27 MP: 1/1
   534 | D:1      | Reached XP level 3. HP: 33/33 MP: 2/2
   885 | D:2      | Found a faded altar of an unknown god.
  1298 | D:2      | Reached skill level 3 in Axes
  1737 | D:3      | Reached XP level 4. HP: 41/41 MP: 3/3
  1912 | D:3      | Noticed a black bear
  1917 | D:3      | Killed a black bear
  1918 | D:3      | Reached skill level 4 in Axes
  1918 | D:3      | Reached XP level 5. HP: 46/47 MP: 4/4
  2032 | D:3      | Found Ojoyl's Distillery.
  2044 | D:3      | Bought a potion of curing for 39 gold pieces
  2044 | D:3      | Bought a potion of curing for 39 gold pieces
  2044 | D:3      | Bought a potion of might for 52 gold pieces
  2408 | D:3      | Noticed a phantom
  2429 | D:3      | Killed a phantom
  2430 | D:3      | Reached skill level 5 in Fighting
  2430 | D:3      | Reached skill level 5 in Armour
  2430 | D:3      | Reached XP level 6. HP: 56/56 MP: 5/5
  2847 | D:4      | Found a bloodstained altar of Trog.
  2849 | D:4      | Found a sacrificial altar of Ru.
  3032 | D:4      | Reached skill level 5 in Shields
  3046 | D:4      | Reached skill level 5 in Axes
  3712 | D:4      | Found a shadowy altar of Dithmenos.
  3842 | D:4      | Upgraded the game from 0.30-a0-1016-gfb0d676c02 to
                  | 0.30-a0-1018-g25214051b3
  3889 | D:5      | Entered Level 5 of the Dungeon
  3939 | D:5      | Reached XP level 7. HP: 50/61 MP: 4/6
  4063 | D:5      | Reached skill level 6 in Axes
  4333 | D:5      | Found a snail-covered altar of Cheibriados.
  4692 | D:5      | Reached skill level 7 in Axes
  4864 | D:5      | Reached XP level 8. HP: 68/71 MP: 5/7
  5403 | D:6      | Noticed Dowan
  5419 | D:6      | Noticed Duvessa
  5639 | D:5      | Reached skill level 8 in Axes
  5743 | D:6      | Killed Duvessa
  5746 | D:6      | Killed Dowan
  6052 | D:7      | Found a staircase to the Ecumenical Temple.
  6093 | D:7      | Reached skill level 9 in Axes
  6093 | D:7      | Reached XP level 9. HP: 77/79 MP: 8/8
  6097 | Temple   | Entered the Ecumenical Temple
  7043 | D:7      | Found a basalt altar of Yredelemnul.
  7047 | D:7      | Found a glowing silver altar of Zin.
  7179 | D:7      | Found an iron altar of Okawaru.
  7189 | D:7      | Reached skill level 10 in Axes
  7197 | D:7      | Became a worshipper of Warmaster Okawaru
  7470 | D:8      | Noticed Psyche
  7561 | D:8      | Noticed Prince Ribbit
  7708 | D:8      | Killed Prince Ribbit
  8215 | D:8      | Killed Psyche
  8215 | D:8      | Reached * piety under Okawaru
  8256 | D:8      | Reached XP level 10. HP: 90/90 MP: 9/9
  8314 | D:8      | Reached skill level 11 in Axes
  8354 | D:8      | Noticed Pikel
  8381 | D:8      | Killed Pikel
  8467 | D:8      | Noticed a wizard
  8484 | D:8      | Killed a wizard
  8717 | D:8      | Reached ** piety under Okawaru
  8980 | D:9      | Noticed a two-headed ogre
  9865 | D:9      | Reached skill level 12 in Axes
  9957 | D:9      | Killed a two-headed ogre
 10076 | D:9      | Reached *** piety under Okawaru
 10413 | D:10     | Entered Level 10 of the Dungeon
 10629 | D:10     | Reached skill level 10 in Armour
 10818 | D:10     | Noticed a two-headed ogre
 10853 | D:10     | Killed a two-headed ogre
 10853 | D:10     | Received a gift from Okawaru
 10853 | D:10     | Reached **** piety under Okawaru
 10854 | D:10     | Reached skill level 10 in Fighting
 10854 | D:10     | Reached skill level 13 in Axes
 10854 | D:10     | Reached XP level 11. HP: 73/99 MP: 6/10
 11304 | D:11     | Reached skill level 10 in Shields
 11433 | D:11     | Noticed a two-headed ogre
 11440 | D:11     | Killed a two-headed ogre
 11517 | D:11     | Found a staircase to the Lair.
 11569 | D:11     | Found a staircase to the Orcish Mines.
 11681 | D:11     | Reached ***** piety under Okawaru
 11942 | D:11     | Identified the +2 pair of boots of the Thistle {Fly}
 12826 | D:3      | Bought a potion of brilliance for 52 gold pieces
 12826 | D:3      | Bought a potion of berserk rage for 65 gold pieces
 13131 | Lair:1   | Entered Level 1 of the Lair of Beasts
 13321 | Lair:1   | Reached skill level 14 in Axes
 13326 | Lair:1   | Reached skill level 1 in Invocations
 13335 | Lair:1   | Noticed an orange crystal statue
 13645 | Lair:1   | Identified the scarf of the Sun {+Inv, Harm rN+ Str+2}
                  | (Okawaru gifted it to you on level 1 of the Lair of Beasts)
 13645 | Lair:1   | Received a gift from Okawaru
 13760 | Lair:1   | Reached skill level 1 in Throwing
 14260 | Lair:1   | Reached XP level 12. HP: 100/110 MP: 12/12
 14860 | Lair:1   | Noticed a boulder beetle
 14905 | Lair:1   | Lost intelligence.
 16042 | Lair:2   | Found a hole to the Spider Nest.
 16168 | Lair:2   | Reached skill level 15 in Axes
 16366 | Lair:2   | Received a gift from Okawaru
 16731 | Lair:2   | Identified the +0 crystal plate armour of Hioffaan {rF+
                  | Regen+ Dex+3} (Okawaru gifted it to you on level 2 of the
                  | Lair of Beasts)
 16731 | Lair:2   | Received a gift from Okawaru
 17180 | Lair:2   | Identified the ring "Rumuasm" {rPois rF+ rN+ Will+ Slay-2}
 17341 | Lair:2   | Noticed a seven-headed hydra
 17386 | Lair:2   | You are sucked into a shaft and drop 1 floor!
 17656 | Lair:3   | Found a staircase to the Shoals.
 17677 | Lair:3   | Noticed Nessos
 17715 | Lair:3   | HP: 6/168 [poisoned by Nessos]
 17715 | Lair:3   | Shot with an arrow by Nessos

Illustrated notes

Levels and vault maps discovered:
D:1:      psy_arrival_spokes, layout_loops_ring
D:2:      layout_basic, nicolae_ecumenical_oubliette, grunt_ministairs_8,
          minmay_distorted
D:3:      layout_loops_ring, serial_shops, nicolae_shop_statue_plus,
          feat_on_display
D:4:      minmay_goblin_kobold_castle, layout_cave_pools, lemuel_round_altar,
          chequers_temple_overflow_statue_of_worship, nrook_mini_vaults
D:5:      layout_basic, mainiacjoe_overflow_paths
D:6:      layout_rooms, uniq_duvessa
D:7:      layout_loops_cross, mainiacjoe_overflow_big_doors, okawaru_humans,
          temple_statues, minmay_misc_feat_rows, minmay_misc_feat_x,
          kennysheep_cross_bottleneck, nicolae_benzene_ring
D:8:      cheibrodos_wizards_tower, layout_basic, minivault_22, uniq_psyche,
          uniq_prince_ribbit1, uniq_pikel
D:9:      layout_small_grid
D:10:     layout_long_grid, minmay_increasing_density
D:11:     layout_cave_pools, lair_entry_dummy, orc_0_dummy,
          mrwooster_statue_mirror, nooodl_orcs_dogs
Temple:   regret_index_temple_waves
Lair:1:   layout_cave_pods, disabler_island, grunt_megastairs_4
Lair:2:   cheibrodos_lair_river_kwai, layout_gridlike, spider_nest_entry_webs,
          enter_volcano_1, grunt_megastairs_1
Lair:3:   layout_loops_ring, shoals_dummy_entry, special_room
          [special_room_mythical_zoo], uniq_nessos, uniq_snorg

Skill      XL: |  1  2  3  4  5  6  7  8  9 10 11 12 |
---------------+-------------------------------------+-----
Armour         | 4 5 6 7 8 10 11 12 | 12.0
Fighting       | 4 5 6 7 8 10 11 | 11.9
Shields        | 4 5 6 7 8 9 11 | 11.8
Axes           | 3 4 5 7 9 10 13 14 15 | 15.7
Invocations    | 2 4 |  4.3
Throwing       | 1 4 |  4.1

Action                     |  1- 3 |  4- 6 |  7- 9 | 10-12 || total
---------------------------+-------+-------+-------+-------++-------
  Melee: War axe           |    87 |   161 |   255 |   567 ||  1070
         Headbutt          |    10 |    14 |    41 |    99 ||   164
         Unarmed           |       |       |     8 |       ||     8
  Throw: Dart              |       |       |       |   102 ||   102
         Javelin           |       |       |       |    10 ||    10
         Throwing net      |       |       |       |     2 ||     2
 Invoke: Heroism           |       |       |       |     6 ||     6
  Evoke: Wand              |       |       |     7 |    17 ||    24
    Use: Scroll            |     8 |       |     5 |     7 ||    20
         Potion            |       |     2 |     2 |     7 ||    11
 Armour: Scale mail        |    10 |       |       |       ||    10
         Plate armour      |    37 |   100 |   208 |   463 ||   808
  Dodge: Dodged            |    23 |    71 |    87 |   196 ||   377
  Block: Buckler           |    18 |    20 |    71 |   187 ||   296

Table legend: (Time is in decaauts)
 A = Elapsed time spent in this place.
 B = Non-inter-level travel time spent in this place.
 C = Inter-level travel time spent in this place.
 D = Time resting spent in this place.
 E = Time spent auto-exploring this place.
 F = Levels seen in this place.
 G = Mean time per level.
                   A        B        C        D        E       F      G
               +--------+--------+--------+--------+--------+-----+--------+
         Total |  19131 |  17057 |   2074 |   4680 |   8275 |  15 | 1275.4 |
       Dungeon |  13933 |  12295 |   1638 |   3286 |   6031 |  11 | 1266.6 |
        Temple |    211 |    115 |     96 |      0 |    100 |   1 |  211.0 |
          Lair |   4985 |   4646 |    339 |   1393 |   2143 |   3 | 1661.7 |
               +--------+--------+--------+--------+--------+-----+--------+

Top non-repeatable levels by time:
  Lair:1: 2264 daAuts
  Lair:2: 2241 daAuts
    D:11: 1809 daAuts
     D:7: 1661 daAuts
     D:8: 1612 daAuts
     D:4: 1592 daAuts
     D:5: 1427 daAuts
     D:9: 1070 daAuts
     D:1: 1065 daAuts
     D:3: 976 daAuts
    D:10: 942 daAuts
     D:6: 914 daAuts
     D:2: 860 daAuts
  Lair:3: 479 daAuts
  Temple: 211 daAuts
